 Dungeon Crawl Stone Soup version 0.21.1-1-g345015f (webtiles) character file.

19 sking99 the Ruffian (level 2, -2/25 HPs)
             Began as a Naga Transmuter on June 21, 2018.
             Slain by a leopard gecko (5 damage)
             ... on level 1 of the Dungeon.
             The game lasted 00:02:55 (862 turns).

sking99 the Ruffian (Naga Transmuter)                Turns: 862, Time: 00:02:55

Health: -2/25      AC:  2    Str: 12    XL:     2   Next: 75%
Magic:  5/5        EV:  9    Int: 13    God:
Gold:   6          SH:  0    Dex: 11    Spells: 2/5 levels left

rFire    . . .     SeeInvis +     - Unarmed
rCold    . . .     Gourm    .   (no shield)
rNeg     . . .     Faith    .   g - +0 leather armour
rPois    +         Spirit   .   (no helmet)
rElec    .         Reflect  .   (no cloak)
rCorr    .         Harm     .   (no gloves)
MR       .....                  (no barding)
Stlth    +.........             (no amulet)
HPRegen  0.08/turn              (no ring)
MPRegen  0.09/turn              (no ring)

@: short of breath, very slow
A: large, see invisible, deformed body, poison resistance, slowness 2, slow
metabolism 1, spit poison 1, AC +0
a: Spit Poison


You were on level 1 of the Dungeon.
You were not hungry.

You visited 1 branch of the dungeon, and saw 1 of its levels.

You collected 6 gold pieces.

Inventory:

Missiles
 a - 12 arrows
 f - 4 stones (quivered)
Armour
 b - a +0 robe
 g - a +0 leather armour (worn)
Jewellery
 i - a +4 ring of evasion {unknown}
Potions
 e - 2 potions of agility {unknown}
 h - 2 potions of flight {unknown}
Books
 c - a book of Changes

   Spells                             Type                      Level
   a - Beastly Appendage              Transmutation                1
   b - Sticks to Snakes               Transmutation                2
   c - Spider Form                    Transmutation/Poison         3
   d - Ice Form                       Ice/Transmutation            4
   e - Blade Hands                    Transmutation                5
Comestibles
 d - 4 rations


   Skills:
 + Level 1.2 Fighting
 + Level 1.8 Dodging
 * Level 3.2 Unarmed Combat
 + Level 2.1 Spellcasting
 * Level 2.4 Transmutations


You had 2 spell levels left.
You knew the following spells:

 Your Spells              Type           Power        Failure   Level  Hunger
a - Beastly Appendage     Tmut           #.....       12%         1    ##.....
b - Sticks to Snakes      Tmut           #.......     19%         2    ###....


Dungeon Overview and Level Annotations

Branches:
Dungeon (1/15)

Altars:


Innate Abilities, Weirdness & Mutations

You cannot wear boots.
Your serpentine skin is tough. (AC +0)
You have supernaturally acute eyesight. (SInv)
Armour fits poorly on your strangely shaped body.
Your system is resistant to poisons. (rPois)
You cover ground very slowly.
You have a slow metabolism.
You can spit poison.


Message History

You hit the hobgoblin but do no damage. The rat bites you.
The hobgoblin hits you.
Your transformation is almost over.
The rat misses you. The rat bites you.
You barely miss the rat. The rat bites you but does no damage.
You hit the rat but do no damage. The rat bites you but does no damage.
You barely miss the rat. Your headbutt misses the rat.
Your horns disappear.
You hit the rat.
You kill the rat!
You closely miss the leopard gecko. The leopard gecko bites you. x2
* * * LOW HITPOINT WARNING * * *
Press: ? - help, Shift-Dir - straight line, f - leopard gecko
Aim: a leopard gecko (clinging)
The splash of poison misses the leopard gecko.
You feel slightly more hungry.
The leopard gecko hisses menacingly.
The leopard gecko bites you.
You die...

####...#........# ########
#####...........#####
....................##
.....................####
.####.............#.....###
.........##.####.....#....#
............####.###......# ##
..............##..........# ###.
>.......>.......@##.#.....####...
.........##.#.#l###..#....).....#
...............r.###.#..........#
.........####....###.#.#........#
#'#......# ##...r..............#
#.#......# #..#.#..#..........#
)รท#......# #..#....#...........
..# ## ...)#......##........ .)##
............##........


You could see a leopard gecko and a rat.

Vanquished Creatures
  3 bats (D:1)
  2 giant cockroaches (D:1)
  A goblin (D:1)
  3 hobgoblins (D:1)
  4 kobolds (D:1)
  4 rats (D:1)
17 creatures vanquished.

Notes
Turn   | Place    | Note
-------+----------+-------------------------------------------
     0 | D:1      | sking99 the Naga Transmuter began the quest for the Orb.
     0 | D:1      | Reached XP level 1. HP: 18/18 MP: 3/3
   256 | D:1      | Reached XP level 2. HP: 18/25 MP: 5/5
   393 | D:1      | Learned a level 2 spell: Sticks to Snakes
   862 | D:1      | Slain by a leopard gecko

Action                   || total
-------------------------++-------
Melee: Unarmed           ||    64
       Headbutt          ||     2
 Cast: Beastly Appendage ||     5
 Abil: Spit Poison       ||     3
Armor: Leather armour    ||    12
Dodge: Dodged            ||    34
